 Seeded DCSS version 0.27-a0-1140-g099f9bb0e8 (webtiles) character file.

Game seed: 13376916415718894363 (custom seed)

99 oldmanjim the Skirmisher (level 4, -4/37 HPs)
             Began as a Demonspawn Monk on May 9, 2021.
             Slain by a gnoll
             ... wielding a +0 flail
              (7 damage)
             ... on level 1 of the Dungeon.
             The game lasted 00:11:53 (2844 turns).

oldmanjim the Skirmisher (Demonspawn Monk)          Turns: 2844, Time: 00:11:54

Health: -4/37      AC:  4    Str: 13    XL:     4   Next: 45%
Magic:  4/4        EV: 13    Int: 11    God:
Gold:   114        SH:  0    Dex: 15    Spells: 3/3 levels left

rFire    . . .     SeeInvis .   k - +1 dagger (speed)
rCold    . . .     Faith    .   (no shield)
rNeg     . . .     Spirit   .   b - +0 robe
rPois    .         Reflect  .   (no helmet)
rElec    .         Harm     .   (no cloak)
rCorr    .         Rampage  .   (no gloves)
Will     .....                  (no boots)
Stlth    ++........             (no amulet)
HPRegen  0.12/turn              (no ring)
MPRegen  0.09/turn              (no ring)

@: no status effects
A: slimy green scales 1, demonic magic 1
a: no special abilities


You were on level 1 of the Dungeon.
You visited 1 branch of the dungeon, and saw 2 of its levels.

You collected 114 gold pieces.

Inventory:

Hand Weapons
 a - a +0 falchion
 k - a +1 dagger of speed (weapon)
Missiles
 c - 40 arrows
Armour
 b - a +0 robe (worn)
 g - a +0 kite shield
 h - +0 storm dragon scales
Scrolls
 d - a scroll of vulnerability {unknown}
 i - 2 scrolls of identify {unknown}
 j - a scroll of fog {unknown}
 l - a scroll of brand weapon {unknown}
 m - a scroll of magic mapping {unknown}
Potions
 e - a potion of might {unknown}
 f - a potion of magic {unknown}


   Skills:
 - Level 4.0 Fighting
 + Level 4.0 Long Blades
 - Level 3.0 Dodging
 - Level 1.7 Stealth


You had 3 spell levels left.
You didn't know any spells.
Your spell library was empty.

Dungeon Overview and Level Annotations

Branches:
Dungeon (2/15)

Altars:


Innate Abilities, Weirdness & Mutations

You are partially covered in slimy green scales. (AC +2)
Spells you cast may paralyse adjacent enemies.


Message History

The bat closely misses you. The bat barely misses you.
The bat hits you but does no damage. The bat hits you but does no damage.
The gnoll hits you with a +0 flail!
You are too injured to fight recklessly!
You are too injured to fight recklessly!
You are too injured to fight recklessly!
You are too injured to fight recklessly!
You hit the gnoll but do no damage. The gnoll barely misses you.
You completely miss the gnoll. The gnoll hits you with a +0 flail!
* * * LOW HITPOINT WARNING * * *
You hit the hobgoblin.
The hobgoblin is severely wounded.
You hit the hobgoblin but do no damage.
The hobgoblin is severely wounded.
The hobgoblin hits you.
* * * LOW HITPOINT WARNING * * *
The gnoll barely misses you.
You hit the hobgoblin but do no damage.
The hobgoblin is severely wounded.
You closely miss the hobgoblin.
The hobgoblin is severely wounded.
The hobgoblin barely misses you. The gnoll barely misses you.
You hit the hobgoblin but do no damage.
The hobgoblin is severely wounded.
The hobgoblin closely misses you.
You hit the hobgoblin but do no damage.
The hobgoblin is severely wounded.
The gnoll hits you with a +0 flail.
* * * LOW HITPOINT WARNING * * *
You closely miss the hobgoblin.
The hobgoblin is severely wounded.
The hobgoblin barely misses you. The gnoll barely misses you.
You hit the hobgoblin but do no damage.
The hobgoblin is severely wounded.
You hit the hobgoblin.
The hobgoblin is almost dead.
The hobgoblin misses you. The gnoll hits you with a +0 flail!
You die...

#######..........#####......
#.....................
#........###..##......
###..#####............
#..#......##.........
#.##.###.############
#.##.###.##..##..##..
#b##g##.#..#..###.#..
#.##@##.##.§##...###.
######.##g####.##.####.##.
##........b###.#..#...#.#..
##..........#.#.######..#.#.
#...........#.#.#<...####.#.
#...........##.##....###.###
#...........#####.≈##.#..≈#.
#...........#####..#.#.###.#
#............≈≈≈≈##.####≈.##


You could see a gnoll, a hobgoblin and a bat.

Vanquished Creatures
  A gnoll (D:2)
  3 adders (D:2)
  4 dart slugs
  4 endoplasms (D:1)
  A giant cockroach (D:2)
  3 goblins (D:2)
  6 hobgoblins
  12 jackals
  4 ball pythons (D:1)
  4 bats
  3 frilled lizards
  4 kobolds (D:1)
  5 rats
54 creatures vanquished.

Notes
Turn   | Place    | Note
-------+----------+-------------------------------------------
     0 | D:1      | oldmanjim the Demonspawn Monk began the quest for the Orb.
     0 | D:1      | Reached XP level 1. HP: 18/18 MP: 1/1
   316 | D:1      | Gained mutation: You are partially covered in slimy green
                  | scales. (AC +2) [demonic ancestry]
   316 | D:1      | Reached XP level 2. HP: 21/24 MP: 2/2
  1142 | D:1      | Gained mutation: Spells you cast may paralyse adjacent
                  | enemies. [demonic ancestry]
  1142 | D:1      | Reached XP level 3. HP: 29/29 MP: 3/3
  1996 | D:2      | Reached XP level 4. HP: 31/37 MP: 4/4
  2844 | D:1      | Slain by a gnoll

Illustrated notes

Levels and vault maps discovered:
D:1:      dpeg_arrival_brainrot, layout_rooms
D:2:      layout_basic, serial_glass, glass_columns_a, glass_columns_a,
          minmay_misc_feat_more_columns, minivault_26,
          kennysheep_generic_room_14

Skill      XL: |  1  2  3  4 |
---------------+-------------+-----
Dodging        | 3 |  3.0
Long Blades    | 3 4 |  4.0
Fighting       | 4 |  4.0
Stealth        | |  1.7

Action                   |  1- 3 |  4- 6 || total
-------------------------+-------+-------++-------
Melee: Falchion          |   120 |       ||   120
       Dagger            |    52 |    77 ||   129
 Stab: Sleeping          |     4 |     1 ||     5
       Distracted        |     1 |       ||     1
Armor: Robe              |    42 |    20 ||    62
Dodge: Dodged            |   107 |    53 ||   160
       Rpst.: Falchion   |    31 |       ||    31

Table legend: (Time is in decaauts)
 A = Elapsed time spent in this place.
 B = Non-inter-level travel time spent in this place.
 C = Inter-level travel time spent in this place.
 D = Time resting spent in this place.
 E = Time spent auto-exploring this place.
 F = Levels seen in this place.
 G = Mean time per level.
                   A        B        C        D        E       F      G
               +--------+--------+--------+--------+--------+-----+--------+
         Total |   2813 |   2795 |     18 |    680 |   1354 |   2 | 1406.5 |
       Dungeon |   2813 |   2795 |     18 |    680 |   1354 |   2 | 1406.5 |
               +--------+--------+--------+--------+--------+-----+--------+

Top non-repeatable levels by time:
     D:2: 1418 daAuts
     D:1: 1395 daAuts
